 Dungeon Crawl Stone Soup version 0.17-b1-20-g63edfd6 (webtiles) character file.

380 andalon the Shield-Bearer (level 6, 0/79 HPs)
             Began as a Minotaur Fighter on Nov 4, 2015.
             Was an Initiate of Gozag.
             Slain by a gnoll
             ... wielding a +0 halberd
              (3 damage)
             ... on level 3 of the Dungeon.
             The game lasted 00:14:26 (3625 turns).

andalon the Shield-Bearer (Minotaur Fighter)        Turns: 3625, Time: 00:14:26

Health: 0/79       AC: 23    Str: 21    XL:     6   Next: 46%
Magic:  5/5        EV:  2    Int:  6    God:    Gozag
Gold:   512        SH: 10    Dex: 10    Spells: 0 memorised, 5 levels left

rFire  . . .     SeeInvis .     a - +0 war axe
rCold  . . .     Clarity  .     (armour currently unavailable)
rNeg   + + +     SustAt   .     c - +0 shield
rPois  +         Gourm    .     (helmet currently unavailable)
rElec  .         Spirit   .     (cloak currently unavailable)
rCorr  .         Warding  .     (gloves currently unavailable)
rMut   .         NoTele   +     (boots currently unavailable)
MR     .....                    (no amulet)
Stlth  ++........               (no ring)
                                (no ring)

@: tree-form, not resistant to hostile enchantments, unstealthy
A: (retaliatory headbutt), (horns 0)
a: Potion Petition, Call Merchant, Bribe Branch, Renounce Religion


You were on level 3 of the Dungeon.
You worshipped Gozag.
Gozag was noncommittal.
You were not hungry.
You were a tree.
You visited 1 branch of the dungeon, and saw 3 of its levels.

You collected 535 gold pieces.
You paid 23 gold pieces to Gozag.

Inventory:

Hand Weapons
 a - a +0 war axe (weapon)
Armour
 b - a +0 scale mail (melded)
 c - a +0 shield (worn)
Jewellery
 k - a +4 ring of dexterity {unknown}
 q - a cursed -4 ring of intelligence {unknown}
Wands
 p - a wand of digging (8)
Scrolls
 f - 2 scrolls of identify
 g - a scroll of fear
 o - a scroll of enchant weapon {unknown}
Potions
 d - a potion of might
 i - a potion of curing
 j - 2 potions of heal wounds
 m - a potion of lignification
 n - a potion of ambrosia
 r - a potion of brilliance {unknown}
Comestibles
 e - 3 bread rations
 h - a beef jerky
 l - 3 fruits


   Skills:
 + Level 4.4 Fighting
 + Level 3.9 Axes
 + Level 4.7 Armour
 + Level 2.1 Dodging
 * Level 2.0 Stealth
 + Level 5.8 Shields


You had 5 spell levels left.
You didn't know any spells.

Dungeon Overview and Level Annotations

Branches:
Dungeon (3/15)

Altars:
Gozag
Zin


Innate Abilities, Weirdness & Mutations

((You reflexively headbutt those who attack you in melee.))
((You have a pair of horns on your head.))


Message History

A gnoll comes into view.
You turn into a tree.
Your +0 scale mail melds into your body.
Your roots penetrate the ground.
The gnoll shouts!
The gnoll shaman hits you but does no damage.
The gnoll hits you but does no damage. x2
The gnoll shaman hits you but does no damage.
A gnoll comes into view. It is wielding a spear.
You closely miss the gnoll shaman.
The gnoll shaman is heavily wounded.
You barely miss the gnoll shaman.
The gnoll shouts!
You hit the gnoll but do no damage. You hit the ogre.
The ogre is moderately wounded.
The gnoll hits you but does no damage.
The gnoll shaman hits you but does no damage.
The gnoll hits you from afar with a halberd.
You die...
Your body crumbles into a pile of gold.

..................
#####''''######### . #....# .'.
.g $#....# #. ... #....# #.
##g'#######....#########
#.........#....#........
'.....g.Og$$...'..8#....
#.....g♣g.'$...'..8#.)## .#
#........g#8..8#......#.
.#########################.
###'#............)....)().).'. #
#.g.#'######################## #≈
#ggg#.........................
#≈≈#####≈≈≈≈≈≈≈≈≈≈≈≈≈≈≈≈≈≈≈≈≈≈≈≈≈
#≈≈≈≈≈≈≈≈≈≈≈≈≈≈≈≈≈≈≈≈≈≈≈≈≈≈≈≈≈≈≈≈
#≈≈≈≈≈≈≈≈≈≈≈≈≈≈≈≈≈≈≈≈≈≈≈≈≈≈≈≈≈≈≈≈


You could see an ogre, 2 gnoll shamans and 5 gnolls.

Vanquished Creatures
  An orc wizard (D:3)
  A hound (D:3)
  18 gnolls (D:3)
  5 adders
  2 worms (D:2)
  4 giant geckos
  6 orcs (D:3)
  5 bats
  6 goblins
  8 hobgoblins
  20 jackals
  A giant cockroach (D:1)
  4 giant newts
  11 kobolds
  A quokka (D:2)
  11 rats
  A plant (D:3)
105 creatures vanquished.

Notes
Turn   | Place    | Note
--------------------------------------------------------------
     0 | D:1      | andalon the Minotaur Fighter began the quest for the Orb.
     0 | D:1      | Reached XP level 1. HP: 19/19 MP: 0/0
   226 | D:1      | Reached XP level 2. HP: 27/27 MP: 1/1
   375 | D:1      | Reached skill level 4 in Shields
   963 | D:1      | You fall through a shaft!
   998 | D:2      | Reached XP level 3. HP: 33/33 MP: 2/2
  1352 | D:2      | Found a glowing silver altar of Zin.
  1485 | D:2      | Found an opulent altar of Gozag.
  1492 | D:2      | Reached skill level 5 in Shields
  1504 | D:2      | Became a worshipper of Gozag Ym Sagoz the Greedy
  1648 | D:2      | Reached XP level 4. HP: 25/40 MP: 3/3
  2066 | D:3      | Reached skill level 1 in Stealth
  2069 | D:3      | Reached skill level 1 in Dodging
  2069 | D:3      | Reached XP level 5. HP: 35/46 MP: 4/4
  3223 | D:3      | Reached XP level 6. HP: 35/52 MP: 5/5
  3609 | D:3      | Noticed an ogre
  3623 | D:3      | HP: 2/53 [gnoll/halberd (5)]
  3625 | D:3      | Slain by a gnoll

Action                   |  1- 3 |  4- 6 || total
-------------------------+-------+-------++-------
Melee: War axe           |   102 |   172 ||   274
  Use: Scroll            |     6 |     2 ||     8
       Potion            |     3 |     4 ||     7
 Stab: Distracted        |       |     1 ||     1
  Eat: Chunk             |     2 |     1 ||     3
       Fruit             |       |     3 ||     3
       Beef jerky        |       |     1 ||     1
       Bread ration      |       |     1 ||     1
